 Dungeon Crawl Stone Soup version 0.28-a0-313-gbc0475efdd (webtiles) character file.

Game seed: 17095720181293087802

9681 siradein the Grappler (level 11, -3/117 HPs)
             Began as a Troll Monk on Aug 31, 2021.
             Was an Elder of Makhleb.
             Slain by Grum (17 damage)
             ... on level 9 of the Dungeon.
             The game lasted 00:21:31 (7466 turns).

siradein the Grappler (Troll Monk)                  Turns: 7466, Time: 00:21:33

Health: -3/117     AC: 13    Str: 22    XL:     11   Next: 26%
Magic:  15/15      EV: 10    Int:  6    God:    Makhleb [****..]
Gold:   297        SH:  0    Dex: 12    Spells: 10/10 levels left

rFire   . . .      SeeInvis .     - Unarmed
rCold   . . .      Faith    .   (no shield)
rNeg    . . .      Spirit   .   l - +0 steam dragon scales
rPois   +          Reflect  .   C - +1 hat
rElec   .          Harm     .   a - +2 cloak {rCorr}
rCorr   +          Rampage  .   (gloves unavailable)
Will    .....                   (boots unavailable)
Stlth   ++........              (no amulet)
HPRegen 1.29/turn               (no ring)
MPRegen 0.14/turn               (no ring)

@: slowed, very slow
A: large, unfitting armour, claws 3, regeneration 1, shaggy fur 1, tough skin 1,
iridescent scales 1, poison resistance, weak 1
a: Renounce Religion, Minor Destruction, Lesser Servant of Makhleb, Major
Destruction


You were on level 9 of the Dungeon.
You worshipped Makhleb.
Makhleb was greatly pleased with you.
You visited 2 branches of the dungeon, and saw 10 of its levels.

You collected 485 gold pieces.
You spent 188 gold pieces at shops.

Inventory:

Missiles
 o - 64 poisoned darts (quivered)
 x - 2 javelins
 D - 4 throwing nets
Armour
 a - a +2 cloak of preservation (worn)
 l - +0 steam dragon scales (worn)
 z - a +0 tower shield
 C - a +1 hat (worn)
Jewellery
 A - an amulet of faith
Wands
 i - a wand of acid (15)
 s - a wand of charming (4)
 v - a wand of iceblast (19)
 y - a wand of digging (6)
Scrolls
 c - a scroll of fog {unknown}
 g - 7 scrolls of enchant weapon {unknown}
 h - a scroll of summoning {unknown}
 j - 4 scrolls of noise {unknown}
 k - 2 scrolls of blinking {unknown}
 m - a scroll of vulnerability {unknown}
 n - 2 scrolls of acquirement {unknown}
 q - 2 scrolls of magic mapping
 r - 7 scrolls of teleportation {unknown}
 t - a scroll of silence {unknown}
 u - a scroll of amnesia {unknown}
 B - 3 scrolls of identify
Potions
 b - a potion of degeneration
 d - a potion of heal wounds {unknown}
 e - 2 potions of attraction
 f - 3 potions of curing
 p - a potion of ambrosia {unknown}
 w - 2 potions of flight {unknown}


   Skills:
 + Level 9.8 Fighting
 - Level 2.4 Dodging
 - Level 1.0 Stealth
 + Level 11.7 Unarmed Combat
 + Level 6.7 Invocations


You had 10 spell levels left.
You didn't know any spells.
Your spell library contained the following spells:

 Spells                   Type           Power      Damage    Failure   Level
 Corona                   Hex            0%         N/A       45%         1
 Corpse Rot               Necr/Air       N/A        N/A       58%         2
 Ensorcelled Hibernation  Hex/Ice        0%         N/A       58%         2
 Gell's Gravitas          Tloc           0%         N/A       83%         3
 Ignite Poison            Fire/Tmut/Pois 0%         N/A       83%         3
 Lesser Beckoning         Tloc           0%         N/A       83%         3
 Mephitic Cloud           Conj/Pois/Air  0%         N/A       83%         3
 Spider Form              Tmut/Pois      0%         N/A       83%         3
 Teleport Other           Tloc           0%         N/A       83%         3
 Tukima's Dance           Hex            0%         N/A       83%         3
 Dispel Undead            Necr           0%         3d6       99%         4
 Bolt of Magma            Conj/Fire/Erth 0%         4d4       100%        5
 Death Channel            Necr           0%         N/A       100%        6


Dungeon Overview and Level Annotations

Branches:
Dungeon (9/15)             Temple (1/1) D:5
   Lair: D:8-11         Orc: D:9-12

Altars:
Ashenzari
Cheibriados
Dithmenos
Elyvilon
Gozag
Hepliaklqana
Kikubaaqudgha
Makhleb
Nemelex Xobeh
Okawaru
Qazlal
Ru
Sif Muna
Trog
Uskayaw
Vehumet
Wu Jian
Xom
Yredelemnul
Zin
The Shining One

Shops:
D:6 [=*[?   D:8 *

Annotations:
D:9 Grum


Innate Abilities, Weirdness & Mutations

You are too large for most types of armour.
You have claws for hands.
Your natural rate of healing is unusually fast.
You are covered in fur. (AC +1)
You have tough skin. (AC +1)
You are partially covered in iridescent scales. (AC +2)
Your system is resistant to poisons. (rPois)
You are weak. (Str -2)


Message History

You feel yourself slow down.
You claw the wraith!
The wraith is moderately damaged.
Grum barely misses you. The wraith hits you!
Grum drinks a potion.
Grum seems to grow stronger.
You completely miss the wraith.
The wraith is moderately damaged.
The wraith completely misses you. Grum hits you but does no damage.
You scratch the wraith.
The wraith is moderately damaged.
The wraith hits you! The wraith drains your vigour!
You feel as though you will be slow longer.
Grum hits you from afar with a -2 halberd!!!
You are too injured to fight recklessly!
You are too injured to fight recklessly!
You are too injured to fight recklessly!
The wraith hits you but does no damage.
You claw the wraith!
The wraith is severely damaged.
Grum hits you from afar with a -2 halberd!
The wraith closely misses you.
Grum hits you from afar with a -2 halberd!
The wraith hits you. The wraith drains your vigour!
You feel as though you will be slow longer.
Grum closely misses you. The wraith hits you. The wraith drains your vigour!
You feel as though you will be slow longer.
Grum hits you but does no damage. The wraith hits you!
The wraith drains your vigour!
You feel as though you will be slow longer.
Grum hits you from afar with a -2 halberd!!
* * * LOW HITPOINT WARNING * * *
Grum lets out an intimidating howl.
Grum barks.
The wraith hits you.
* * * LOW HITPOINT WARNING * * *
The wraith drains your vigour!
You feel as though you will be slow longer.
Grum hits you from afar with a -2 halberd!
You die...

#....................####'#######
+....................# .........
#....................# ........$
.....................# .........
..)..................####........
........................#....g†..
..........#####.........#######'#
########..# #..Wg..............
.......#..# #.@############....
......†'..# #..#..........#....
.......#..# #..#..........#....
.......#..# '..#..........#....
.......#..# .#..#..........#....
.).....#..# ..#..#..........#....
.......#..#####..#.......>..#....
.......#.........###.)......#####
.......#..........)#..........


You could see Grum (strong) and a wraith.

Vanquished Creatures
  Gastronok (D:8)
  Harold (D:9)
  Pikel (D:6)
  Joseph (D:9)
  2 hornets
  2 wyverns
  11 yaks
  A steam dragon (D:6)
  2 water moccasins
  3 necrophages
  3 orc warriors
  2 ice beasts
  A black bear (D:6)
  An ogre (D:5)
  7 centaurs
  3 wolves (D:9)
  A phantom (D:6)
  3 kobold brigands
  2 bullfrogs
  A scorpion (D:5)
  5 killer bees (D:9)
  3 wights
  A howler monkey (D:4)
  3 centaur zombies
  4 orc priests
  2 hounds
  A gnoll shaman (D:8)
  3 jellies
  5 iguanas
  13 orc wizards
  A mummy (D:6)
  2 howler monkey zombies
  8 gnolls (D:8)
  2 howler monkey skeletons
  5 adders
  A dart slug (D:2)
  23 orcs
  4 ball pythons
  4 endoplasms
  2 giant cockroaches
  7 goblins
  7 hobgoblins
  29 kobolds
  6 quokkas
  8 bats
  2 frilled lizards
  A jackal skeleton (D:4)
  2 rats (D:2)
203 creatures vanquished.

Vanquished Creatures (others)
  20 fungi (D:7)
20 creatures vanquished.

Grand Total: 223 creatures vanquished

Notes
Turn   | Place    | Note
-------+----------+-------------------------------------------
     0 | D:1      | siradein the Troll Monk began the quest for the Orb.
     0 | D:1      | Reached XP level 1. HP: 22/22 MP: 0/0
    46 | D:1      | Reached XP level 2. HP: 29/29 MP: 1/1
   667 | D:2      | Reached XP level 3. HP: 34/36 MP: 2/2
   668 | D:2      | Reached skill level 4 in Unarmed Combat
  1581 | D:3      | Found a faded altar of an unknown god.
  1724 | D:3      | Found a hazy altar of Hepliaklqana.
  1993 | D:4      | Reached XP level 4. HP: 39/45 MP: 3/3
  2093 | D:4      | Reached XP level 5. HP: 52/53 MP: 4/4
  2102 | D:4      | Noticed a necrophage
  2105 | D:4      | Noticed a centaur
  2113 | D:4      | Killed a centaur
  2114 | D:4      | Reached skill level 5 in Unarmed Combat
  2126 | D:4      | Killed a necrophage
  2127 | D:4      | Reached XP level 6. HP: 49/62 MP: 5/5
  2288 | D:4      | Reached skill level 6 in Unarmed Combat
  2309 | D:4      | Found a shadowy altar of Dithmenos.
  2751 | D:4      | Reached XP level 7. HP: 69/71 MP: 6/6
  2754 | D:5      | Entered Level 5 of the Dungeon
  2757 | D:5      | Found a shimmering blue altar of Sif Muna.
  2898 | D:5      | Found a staircase to the Ecumenical Temple.
  2936 | Temple   | Entered the Ecumenical Temple
  3055 | D:5      | Reached skill level 5 in Fighting
  3301 | D:5      | Reached skill level 7 in Unarmed Combat
  3414 | D:5      | Found a radiant altar of Vehumet.
  3646 | D:5      | Noticed a hornet
  3709 | D:6      | Found Ysahirox's General Store.
  3785 | D:6      | Gained mutation: You are robust. (+10% HP) [potion of
                  | mutation]
  3785 | D:6      | Gained mutation: Armour fits poorly on your strangely
                  | shaped body. [potion of mutation]
  3805 | D:6      | Noticed Pikel
  3819 | D:6      | Killed Pikel
  3820 | D:6      | Reached skill level 8 in Unarmed Combat
  3820 | D:6      | Reached XP level 8. HP: 13/92 MP: 7/7
  4054 | D:6      | Found Fajie's Magic Scroll Shoppe.
  4062 | D:6      | Bought a scroll of magic mapping for 38 gold pieces
  4327 | D:6      | Found Hoofon's Antique Armour Boutique.
  4328 | D:6      | Noticed a hornet
  4334 | D:6      | Killed a hornet
  4335 | D:6      | Reached skill level 9 in Unarmed Combat
  4465 | D:5      | Reached XP level 9. HP: 102/102 MP: 8/8
  4648 | D:5      | Paralysed by a hornet for 3 turns
  4654 | D:5      | Paralysed by a hornet for 2 turns
  4823 | D:6      | Found Muruxzosm's Antique Armour Boutique.
  4906 | D:6      | Bought a glowing cloak for 150 gold pieces
  4988 | D:6      | Found Feuxkouru's Jewellery Emporium.
  5037 | D:6      | Found a burning altar of Makhleb.
  5120 | D:6      | Became a worshipper of Makhleb the Destroyer
  5120 | D:6      | Reached * piety under Makhleb
  5120 | D:6      | Reached ** piety under Makhleb
  5196 | D:6      | Found a snail-covered altar of Cheibriados.
  5372 | D:7      | Reached skill level 1 in Invocations
  5584 | D:7      | Found a white marble altar of Elyvilon.
  5648 | D:7      | Reached skill level 10 in Unarmed Combat
  5753 | D:7      | Lost mutation: Armour fits poorly on your strangely shaped
                  | body. [potion of mutation]
  5753 | D:7      | Lost mutation: You are robust. (+10% HP) [potion of
                  | mutation]
  5753 | D:7      | Gained mutation: Your system is resistant to poisons.
                  | (rPois) [potion of mutation]
  5753 | D:7      | Gained mutation: You are weak. (Str -2) [potion of
                  | mutation]
  5753 | D:7      | Gained mutation: You are partially covered in iridescent
                  | scales. (AC +2) [potion of mutation]
  5899 | D:7      | Reached *** piety under Makhleb
  6225 | D:7      | Reached XP level 10. HP: 78/106 MP: 11/11
  6549 | D:8      | Found a glowing golden altar of the Shining One.
  6624 | D:8      | Noticed Gastronok
  6647 | D:8      | Killed Gastronok
  6648 | D:8      | Reached skill level 11 in Unarmed Combat
  6648 | D:8      | Reached skill level 5 in Invocations
  6693 | D:8      | Found Urolamp's Assorted Antiques.
  6821 | D:9      | Noticed Harold
  6850 | D:9      | Killed Harold
  6850 | D:9      | Reached **** piety under Makhleb
  6914 | D:9      | Reached XP level 11. HP: 103/115 MP: 14/14
  7299 | D:9      | Noticed Joseph
  7309 | D:9      | Killed Joseph
  7437 | D:9      | Noticed Grum
  7466 | D:9      | Slain by Grum

Illustrated notes

Levels and vault maps discovered:
D:1:      minmay_arrival_cross, layout_loops_ring, minmay_misc_feat_chi
D:2:      layout_basic, minmay_misc_feat_tiny, minmay_tripent
D:3:      layout_rooms, mainiacjoe_overflow_alcove_2,
          dreamdust_ecumenical_altar_statues, minmay_misc_feat_secret_circle
D:4:      layout_loops_ring, lemuel_crystal_altar
D:5:      layout_rooms, nicolae_overflow_crystal_walls,
          overflow_temple_1_default, minmay_temple_entry_glass,
          serial_co_window_serial, co_window_corner_a, co_window_corner_a,
          co_window_corner_a, co_window_of_opportunity_a,
          co_window_of_opportunity_a, co_window_unsneaky_path_a,
          co_window_broadway_c, co_window_corner_ca, co_window_corner_cb,
          co_window_broadway_b, minmay_a_box_with_orc_wizards_in_it
D:6:      minmay_inner_zag, layout_gridville, chei_slow_surprise,
          lemuel_coloured_pillars_altar, serial_shops, nicolae_shop_stone,
          nicolae_shop_stone, nicolae_take_the_stairs, nicolae_diamond_shop,
          nicolae_shop_crystal, uniq_pikel
D:7:      layout_basic, mainiacjoe_overflow_cross_hatched
D:8:      layout_cave_pools, lemuel_tele_altar, serial_shops,
          nicolae_shop_overgrown_old_shop, uniq_gastronok
D:9:      layout_irregular_city, uniq_maurice, uniq_grum, uniq_joseph,
          uniq_harold
Temple:   nicolae_temple_god_jail

Skill      XL: |  1  2  3  4  5  6  7  8  9 10 |
---------------+-------------------------------+-----
Unarmed Combat | 4 5 6 8 9 10 11 | 11.7
Fighting       | 3 4 6 7 8 9 |  9.8
Invocations    | 3 6 |  6.7
Dodging        | |  2.4
Stealth        | |  1.0

Action                   |  1- 3 |  4- 6 |  7- 9 | 10-12 || total
-------------------------+-------+-------+-------+-------++-------
Melee: Unarmed           |    89 |    88 |   218 |   211 ||   606
       Punch             |       |     2 |    13 |     7 ||    22
Throw: Dart              |       |       |     7 |       ||     7
  Use: Scroll            |       |       |     4 |       ||     4
       Potion            |       |       |     3 |       ||     3
 Stab: Sleeping          |     3 |       |     5 |       ||     8
Armor: Robe              |    29 |    30 |    24 |       ||    83
       Steam dragon scal |       |       |    60 |   123 ||   183
Dodge: Dodged            |    42 |    36 |   100 |   123 ||   301

Table legend: (Time is in decaauts)
 A = Elapsed time spent in this place.
 B = Non-inter-level travel time spent in this place.
 C = Inter-level travel time spent in this place.
 D = Time resting spent in this place.
 E = Time spent auto-exploring this place.
 F = Levels seen in this place.
 G = Mean time per level.
                   A        B        C        D        E       F      G
               +--------+--------+--------+--------+--------+-----+--------+
         Total |   7392 |   7056 |    336 |    120 |   5296 |  10 |  739.2 |
       Dungeon |   7344 |   7008 |    336 |    120 |   5272 |   9 |  816.0 |
        Temple |     48 |     48 |      0 |      0 |     24 |   1 |   48.0 |
               +--------+--------+--------+--------+--------+-----+--------+

Top non-repeatable levels by time:
     D:6: 1362 daAuts
     D:5: 1253 daAuts
     D:2: 832 daAuts
     D:4: 811 daAuts
     D:7: 782 daAuts
     D:9: 641 daAuts
     D:1: 621 daAuts
     D:8: 567 daAuts
     D:3: 471 daAuts
  Temple: 48 daAuts
